AoeStats
← Le_Web

African Clearing

510535291Analyzed
2v2 RM · 1d ago on Oct 1, 2026· 28m 46s· 4 players
Game mode
Random Map
Map size
Medium (4 player)
Population
200
Speed
Normal
Resources
Standard
Victory
Conquest
Starting age
Dark Age
Ending age
Imperial Age
RankedLock teamsTeams togetherTeam positionsShared explorationLock speedFull tech treeHidden civsTurbo modeCheats
Victory
Defeat
🇫🇷 Lithuanians · France
809
+18
🇫🇷 Bulgarians · France
759
+20
🇩🇪 Byzantines · Germany
866
-20
🇰🇿 Italians · Kazakhstan
830
-18
sandy
4:39 Loom
15:50 Feudal Age
16:31 Horse Collar
16:39 Double-Bit Axe
25:47 Castle Age
Yautja
15:40 Feudal Age
14:22 Loom
16:17 Double-Bit Axe
Le_Web
14:38 Feudal Age
16:14 Wheelbarrow
15:32 Gold Mining
15:47 Horse Collar
17:53 Double-Bit Axe
20:00 Stone Mining
20:56 Arson
27:31 Castle Age
25:46 Scale Mail Armor
28:03 Gambesons
Cailloux
14:31 Feudal Age
15:04 Double-Bit Axe
15:01 Horse Collar
18:09 Loom
20:03 Bloodlines
29:47 Castle Age
28:23 Wheelbarrow
27:41 Gold Mining
Connection lost

Rejoining the realm…

Still unreachable

The connection could not be restored.

Session expired

The server has moved on; the page needs a fresh start.